Map: 瑟拉斯废墟

Players

MissMagitek

  • Race: Zerg Zerg
  • League: Platinum

shengy

  • Race: Zerg Zerg
  • League: Platinum

VOD

Have the link to the VOD?

Description

Time

  • Played on: Dec. 27, 2015, 4:31 p.m.
  • Length: 12:30
Show
View Real Time Build Order
Export as new Build Order

MissMagitek Zerg 

Build Orders: Hatch First 

Get SALT Encoding   

  12  0:01  Drone  
  13  0:14  Overlord  
  13  0:18  Drone  
  14  0:32  Drone x2  
  16  0:52  Hatchery  
  16  0:55  Drone  
  16  1:10  Spawning Pool  
  15  1:12  Drone  
  15  1:16  Extractor  
  15  1:18  Drone  
  16  1:26  Drone  
  16  1:28  Overlord  
  17  1:35  Drone  
  18  1:54  Drone  
  18  1:56  Queen  
  18  1:58  Zergling x2  
  22  2:04  Drone  
  22  2:07  Queen  
  25  2:16  Zergling x4  
  25  2:19  Metabolic Boost  
  27  2:30  Drone  
  27  2:31  Drone x2  
  27  2:36  Drone  
  31  2:52  Roach Warren  
  31  2:53  Drone  
  31  3:07  Zergling x10  
  31  3:10  Overlord  
  31  3:11  Overlord  
  36  3:32  Roach x2  
  36  3:33  Roach x4  
  48  3:48  Zergling x8  
  39  4:20  Zergling x2, Roach x2  
  39  4:21  Zergling x10  
  49  4:36  Roach  
  49  4:37  Overlord x2  
  49  4:54  Overlord, Zergling x4  
  47  5:17  Zergling x6  
  47  5:18  Zergling x4  
  48  5:35  Zergling x4  
  47  5:36  Zergling x2  
  45  5:46  Zergling x4  
  39  5:52  Roach  
  37  6:03  Roach x2  
  39  6:10  Roach  
  41  6:13  Lair  
  41  6:14  Drone  
  41  6:16  Extractor, Roach  
  43  6:25  Roach x4  
  51  6:28  Roach  
  53  6:40  Ravager  
  54  6:48  Ravager  
  54  6:54  Extractor  
  54  6:55  Drone x2, Extractor  
  54  6:56  Drone x7  
  58  7:09  Ravager  
  59  7:36  Roach  
  61  7:40  Ravager  
  61  7:41  Roach  
  61  7:42  Roach x5  
  74  7:54  Drone  
  74  7:56  Overlord  
  75  8:02  Overseer  
  75  8:17  Drone x5  
  75  8:18  Drone  
  81  8:29  Drone x2  
  83  8:46  Overlord x4  
  83  8:56  Overlord x2  
  83  9:13  Drone x3  
  86  9:17  Hatchery  
  86  9:18  Evolution Chamber  
  86  9:20  Drone x2  
  86  9:29  Ravager  
  87  9:38  Roach x5  
  97  9:40  Roach  
  99  9:58  Zerg Missile Weapons Level 1  
  99  10:03  Roach x2  
  99  10:04  Roach x5  
  113  10:09  Roach  
  113  10:10  Roach  
  117  10:18  Glial Reconstitution  
  117  10:33  Roach x2  
  117  10:34  Roach x4  
  129  10:38  Drone  
  129  10:42  Drone x3  
  133  10:51  Roach x2  
  133  10:52  Overlord  
  137  11:07  Overlord x4  
  137  11:16  Roach x4  
  145  11:23  Overlord  
  145  11:24  Overlord x2  
  142  11:46  Roach x7  
  142  11:47  Roach x2  
  160  11:54  Roach  
  160  11:55  Roach x3  
  165  12:11  Roach x3  
Show
View Real Time Build Order
Export as new Build Order

shengy Zerg 

Build Orders: Pool First, Lurkers 

Get SALT Encoding   

  12  0:01  Drone  
  13  0:12  Drone  
  14  0:18  Overlord  
  14  0:37  Drone x3  
  17  0:48  Spawning Pool  
  16  0:53  Drone, Extractor  
  16  0:59  Drone  
  17  1:10  Drone  
  18  1:29  Hatchery, Drone  
  18  1:49  Queen  
  18  1:51  Zergling x4  
  22  1:57  Metabolic Boost  
  22  2:05  Overlord  
  22  2:27  Drone x3  
  25  2:33  Baneling Nest  
  24  2:41  Queen  
  24  2:43  Drone  
  27  2:54  Overlord  
  27  2:56  Zergling x4  
  29  3:10  Queen  
  31  3:25  Zergling x8  
  31  3:26  Zergling x6  
  38  3:29  Baneling x2  
  38  3:30  Baneling x2  
  38  3:35  Zergling x2  
  39  3:50  Baneling x2  
  34  4:08  Roach Warren  
  31  4:14  Drone x2  
  29  4:31  Spine Crawler  
  28  4:33  Spine Crawler  
  27  4:48  Spine Crawler  
  27  4:50  Spine Crawler  
  25  4:54  Roach x4  
  25  4:55  Roach x4  
  25  4:58  Baneling  
  37  5:08  Zergling x2  
  37  5:09  Zergling x4  
  38  5:17  Roach x2  
  40  5:23  Roach  
  39  5:36  Roach  
  39  5:37  Zergling x4  
  43  6:09  Hatchery, Overlord  
  42  6:25  Baneling x2  
  41  6:26  Baneling  
  41  6:33  Lair  
  41  6:35  Extractor, Drone x2  
  42  7:06  Drone x5  
  46  7:14  Overlord x2  
  46  7:42  Overseer, Queen  
  48  7:44  Roach  
  48  7:45  Roach  
  52  7:53  Drone x2  
  52  7:55  Drone  
  55  8:06  Drone x3  
  55  8:08  Drone  
  59  8:20  Drone x4  
  59  8:25  Zergling x2  
  64  8:29  Drone x2  
  64  8:33  Overlord  
  66  8:48  Drone x3, Extractor x2  
  66  8:49  Drone  
  68  9:01  Overlord  
  68  9:02  Overlord  
  68  9:03  Drone x4  
  72  9:11  Baneling x2  
  72  9:17  Hydralisk Den  
  72  9:24  Drone x4  
  72  9:25  Overlord  
  72  9:26  Overlord x2  
  72  9:29  Zergling x2  
  76  9:44  Overlord x2  
  76  9:45  Overlord x2  
  75  10:10  Lurker Den  
  75  10:12  Hydralisk x5  
  75  10:13  Hydralisk  
  87  10:19  Evolution Chamber  
  87  10:21  Evolution Chamber  
  85  10:32  Drone  
  85  10:33  Drone x5  
  91  10:44  Overseer x2  
  90  11:15  Hatchery  
  90  11:16  Infestation Pit  
  90  11:17  Spire  
  87  11:23  Roach x6  
  99  11:30  Extractor  
  99  11:31  Extractor  
  97  12:00  Hatchery  
  93  12:09  Lurker x4  
  93  12:10  Lurker x2  
Tags
 
Add a new tag
Caveats
  • Supply blocks, unpowered buildings, or Contaminate may cause inaccurate times.
  • Supply counts are checked every 10 seconds.